 Dungeon Crawl Stone Soup version 0.30.1-11-g7821555f0a (webtiles) character file.

Game seed: 2855495062710887979

4954 lonewolfV2 the Blocker (level 10, -1/85 HPs)
             Began as a Formicid Fighter on Nov 14, 2023.
             Was a Believer of Qazlal.
             Slain by a killer bee (7 damage)
             ... on level 9 of the Dungeon.
             The game lasted 00:13:22 (8896 turns).

lonewolfV2 the Blocker (Formicid Fighter)           Turns: 8896, Time: 00:13:22

Health: -1/85      AC: 16    Str: 29    XL:     10   Next: 82%
Magic:  10/10      EV:  7    Int: 13    God:    Qazlal [**....]
Gold:   120        SH: 15    Dex: 15    Spells: 9/9 levels left

rFire   . . .        u - +10 great sword of Karoacra {spect, Str+5 Int+4}
rCold   . . .        c - +0 buckler
rNeg    . . .        o - +0 plate armour
rPois   .            (helmet unavailable)
rElec   .            (no cloak)
rCorr   .            w - +0 pair of gloves of Paefunue {Int+2}
SInv    +            (no boots)
Will    +....        n - amulet of the Gloaming {Reflect SH+5 Stlth+} Stlth
                     (no ring)
HPRegen 0.34/turn    (no ring)
MPRegen 0.12/turn

%: reflection
@: lethally poisoned (-1 -> -12)
A: permanent stasis, dig shafts and tunnels, antennae 3, four strong arms
a: Dig, Shaft Self, Renounce Religion, Upheaval


You were on level 9 of the Dungeon.
You worshipped Qazlal.
Qazlal was pleased with you.
You visited 2 branches of the dungeon, and saw 10 of its levels.

You collected 508 gold pieces.
You spent 388 gold pieces at shops.

Inventory:

Hand Weapons
 a - a +0 war axe
 m - a +3 broad axe of freezing
 t - the +3 war axe "Eviscerator" {elec, rN+ Int+4}
   (You bought it in a shop on level 6 of the Dungeon)

   Int:       It affects your intelligence (+4).
   rN:        It protects you from negative energy.
 u - the +10 great sword of Karoacra (weapon) {spect, Str+5 Int+4}
   (You found it on level 8 of the Dungeon)

   Str:       It affects your strength (+5).
   Int:       It affects your intelligence (+4).
Missiles
 s - 4 throwing nets
Armour
 c - a +0 buckler (worn)
 o - a +0 plate armour (worn)
 w - the +0 pair of gloves of Paefunue (worn) {Int+2}
   (You found it on level 7 of the Dungeon)

   Int:       It affects your intelligence (+2).
Jewellery
 n - the amulet of the Gloaming (around neck) {Reflect SH+5 Stlth+}
   (You acquired it on level 6 of the Dungeon)

   [amulet of reflection]

   It reflects blocked missile attacks.
   SH:        It affects your SH (+5).
   Stlth:     It makes you more stealthy.
Wands
 p - a wand of flame (5)
Scrolls
 b - 2 scrolls of fog
 f - 3 scrolls of noise
 i - 9 scrolls of teleportation
 q - a scroll of amnesia
 v - 3 scrolls of poison
 y - 2 scrolls of identify
Potions
 d - 3 potions of might
 e - a potion of resistance
 g - a potion of lignification {unknown}
 h - 2 potions of magic
 j - 2 potions of degeneration {unknown}
 k - 2 potions of haste
 l - 2 potions of heal wounds
 r - 2 potions of cancellation
 x - 2 potions of flight
 z - 3 potions of attraction {unknown}


   Skills:
 + Level 10.2 Fighting
 * Level 4.0 Long Blades
 - Level 2.0 Axes
 - Level 10.0 Armour
 - Level 11.0 Shields


You had 9 spell levels left.
You didn't know any spells.
Your spell library contained the following spells:

 Spells                   Type           Power      Damage    Failure   Level
 Freeze                   Ice            0%         1d3       95%         1
 Shock                    Conj/Air       0%         1d3       95%         1
 Frozen Ramparts          Ice            0%         1d1       100%        3
 Hailstorm                Conj/Ice       0%         3d3       100%        3
 Airstrike                Air            0%         2d(0-16)  100%        4
 Ice Form                 Ice/Tmut       0%         N/A       100%        4
 Summon Ice Beast         Ice/Summ       0%         N/A       100%        4
 Swiftness                Air            Unusable   N/A       N/A         3

Dungeon Overview and Level Annotations

Branches:
Dungeon (9/15)             Temple (1/1) D:6
   Lair: D:8-11         Orc: D:9-12

Altars:
Ashenzari
Cheibriados
Gozag
Makhleb
Qazlal
Sif Muna
Trog
Uskayaw

Shops:
D:3 (   D:6 *[:*:   D:8 !*[*(

Annotations:
D:4 3 runed translucent doors, Unglued128's ghost, amateur GnNe


Innate Abilities, Weirdness & Mutations

You cannot be hasted, slowed, berserked, paralysed or teleported.
You can dig through walls and to a lower floor.
You have a pair of large antennae on your head. (SInv)
Your four strong arms can wield two-handed weapons with a shield.


Message History

The killer bee stings you but does no damage.
The killer bee stings you.
Your +10 great sword of Karoacra {spect, Str+5 Int+4} is engulfed in a thunderstorm.
You block the killer bee's attack. x2
The killer bee stings you but does no damage. x4
The killer bee stings you.
You are more poisoned.
The killer bee poisons you! The killer bee closely misses you.
You slice the killer bee!!
You kill the killer bee!
Qazlal accepts your kill.
Your +10 great sword of Karoacra {spect, Str+5 Int+4} disappears.
You feel very sick. The killer bee barely misses you.
The killer bee stings you but does no damage.
The killer bee stings you. x2; You block the killer bee's attack.
The killer bee stings you.
* * * LOW HITPOINT WARNING * * *
The killer bee stings you but does no damage.
A two-headed ogre comes into view.
It is wielding a +0 giant spiked club and a +0 giant club.
The killer bee stings you.
* * * LOW HITPOINT WARNING * * *
The killer bee completely misses you. The killer bee barely misses you.
The killer bee stings you but does no damage.
The killer bee stings you.
* * * LOW HITPOINT WARNING * * *
You are lethally poisoned!
The killer bee poisons you!
Your Long Blades skill increases to level 4!
You closely miss the killer bee.
* * * LOW HITPOINT WARNING * * *
You feel very sick. You block the killer bee's attack.
The killer bee stings you but does no damage.
The killer bee stings you.
* * * LOW HITPOINT WARNING * * *
You block the killer bee's attack.
The killer bee stings you but does no damage.
The killer bee barely misses you. The killer bee stings you!
You die...

.# #...).......# .#
#...........#
.########...........######
.........................#
.........................#
#####..#########..########
# #..# #..# # #..# #y°# #
#..# #@y# . ....
.....yyyyy.[.... .
.....)......VyD....... #
####..######..........
#.......... #..........
#......<... O..........


You could see a two-headed ogre, a vampire (invisible), a steam dragon and 8
killer bees.

Vanquished Creatures
  Pikel (D:7)
  Joseph (D:7)
  Prince Ribbit (D:7)
  A steam dragon (D:6)
  A water moccasin (D:7)
  An orc warrior (D:7)
  2 black bears
  3 ice beasts
  4 sky beasts
  2 ogres
  2 centaurs
  A phantom (D:7)
  3 kobold brigands
  A bullfrog (D:6)
  2 gnoll sergeants
  2 scorpions
  4 wights (D:8)
  10 killer bees
  2 hounds
  An orc priest (D:5)
  4 gnoll boudas
  4 jellies
  2 sleepcaps (D:4)
  Crazy Yiuf (D:7)
  5 iguanas
  8 orc wizards
  A hound zombie (D:3)
  A hound skeleton (D:3)
  Robin (D:2)
  7 adders
  26 gnolls
  3 ufetubi
  9 worms
  6 dart slugs
  26 orcs
  6 ball pythons
  4 endoplasms
  5 giant cockroaches
  13 goblins
  13 hobgoblins
  A jackal (D:3)
  3 quokkas (D:1)
  2 ball python zombies (D:3)
  9 bats
  A frilled lizard (D:1)
  2 jackal zombies (D:3)
  14 kobolds
  2 rats
224 creatures vanquished.

Notes
Turn   | Place    | Note
-------+----------+-------------------------------------------
     0 | D:1      | lonewolfV2 the Formicid Fighter began the quest for the
                  | Orb.
     0 | D:1      | Reached XP level 1. HP: 18/18 MP: 1/1
   108 | D:1      | Reached XP level 2. HP: 24/24 MP: 2/2
   395 | D:1      | Found a faded altar of an unknown god.
   416 | D:1      | Reached XP level 3. HP: 28/30 MP: 3/3
   420 | D:1      | Reached skill level 5 in Shields
  1024 | D:2      | Reached XP level 4. HP: 16/35 MP: 4/4
  1358 | D:2      | Noticed Robin
  1363 | D:2      | Killed Robin
  1369 | D:2      | Reached skill level 6 in Shields
  1554 | D:2      | Reached XP level 5. HP: 42/42 MP: 5/5
  2153 | D:3      | Found Roytiune's Antique Weapon Shoppe.
  2164 | D:3      | Bought a runed broad axe for 133 gold pieces
  3080 | D:4      | Reached skill level 7 in Shields
  3187 | D:4      | Reached XP level 6. HP: 49/50 MP: 6/6
  3282 | D:4      | Reached skill level 5 in Fighting
  3529 | D:4      | Found a runed translucent gate.
  3530 | D:4      | Found a runed translucent gate.
  3530 | D:4      | Noticed Unglued128's ghost (amateur GnNe)
  3532 | D:4      | Found a runed translucent gate.
  3749 | D:5      | Entered Level 5 of the Dungeon
  3782 | D:5      | Noticed a black bear
  3786 | D:5      | Noticed an ogre
  3952 | D:4      | Killed an ogre
  3953 | D:4      | Reached skill level 8 in Shields
  3953 | D:4      | Reached XP level 7. HP: 48/56 MP: 7/7
  4059 | D:5      | Identified the +1 robe of Makhleb's Generosity {Str+7 Dex-3
                  | Archmagi}
  4105 | D:5      | Reached skill level 9 in Shields
  4302 | D:5      | Reached XP level 8. HP: 56/64 MP: 8/8
  4381 | D:5      | You fall into a shaft and drop 1 floor!
  4386 | D:6      | Identified a scroll of acquirement
  4386 | D:6      | Acquired the amulet of the Gloaming {Reflect SH+5 Stlth+}
  4419 | D:6      | Reached skill level 10 in Shields
  4510 | D:6      | Found Yghoixi's Book Shoppe.
  4534 | D:6      | Found Cuiffuil's Assorted Antiques.
  4937 | D:6      | Found Woeb's Book Boutique.
  4948 | D:6      | Found Teseoqa's Assorted Antiques.
  5038 | D:6      | Found a staircase to the Ecumenical Temple.
  5061 | Temple   | Entered the Ecumenical Temple
  5068 | Temple   | Became a worshipper of Qazlal Stormbringer
  5111 | D:6      | Found a sand-covered staircase.
  5191 | D:6      | Reached skill level 11 in Shields
  5353 | D:6      | Reached skill level 5 in Armour
  5353 | D:6      | Reached XP level 9. HP: 29/72 MP: 9/9
  5576 | D:6      | Reached * piety under Qazlal
  5921 | D:6      | Found Diuq's Antique Armour Shoppe.
  6378 | D:6      | Bought a blackened war axe for 255 gold pieces
  6378 | D:6      | Identified the +3 war axe "Eviscerator" {elec, rN+ Int+4}
                  | (You bought it in a shop on level 6 of the Dungeon)
  6402 | D:7      | Identified the +11 dagger of Compound Interest {freeze, rF+
                  | Dex+7}
  6451 | D:7      | Identified the +0 pair of gloves of Paefunue {Int+2}
  6771 | D:7      | Noticed Pikel
  6781 | D:7      | Killed Pikel
  6782 | D:7      | Reached XP level 10. HP: 76/82 MP: 10/10
  6953 | D:7      | Noticed Joseph
  6970 | D:7      | Killed Joseph
  7323 | D:7      | Noticed Prince Ribbit
  7335 | D:7      | Killed Prince Ribbit
  7555 | D:7      | Reached skill level 10 in Armour
  7688 | D:7      | Found a runed translucent door.
  7689 | D:7      | Noticed Crazy Yiuf
  7694 | D:7      | Killed Crazy Yiuf
  7694 | D:7      | Reached ** piety under Qazlal
  7771 | D:8      | Found Kagigafe's Armour Boutique.
  7782 | D:8      | Identified the +10 great sword of Karoacra {spect, Str+5
                  | Int+4}
  7819 | D:8      | Reached skill level 1 in Long Blades
  7914 | D:8      | Found Opufis's Assorted Antiques.
  7962 | D:8      | Found Syuhi's Distillery.
  8040 | D:8      | Reached skill level 10 in Fighting
  8303 | D:8      | Found Xuas's Weapon Shoppe.
  8525 | D:8      | Found Ysechiesk's Assorted Antiques.
  8840 | D:9      | Found a hide-covered altar of Uskayaw.
  8847 | D:9      | Found an opulent altar of Gozag.
  8895 | D:9      | Noticed a two-headed ogre
  8896 | D:9      | Slain by a killer bee

Illustrated notes

Levels and vault maps discovered:
D:1:      sevenhm_arrival_forest_fort_small_4, layout_loops_ring,
          shapermc_ecumenical_altar_mp_highgroup
D:2:      cheibrodos_greedy_goblins, layout_basic, uniq_robin
D:3:      minmay_recursive_quarters, layout_loops_ring, serial_undead,
          serial_undead_a, serial_undead_a, serial_undead_b, serial_undead_e,
          serial_shops, nicolae_shop_advertising_works
          [nicolae_subvault_shop_adworks]
D:4:      layout_loops_ring, biasface_ghost_orc_armoury
D:5:      layout_cave_pools, nicolae_wormholes
D:6:      layout_basic, minmay_temple_entry_tees, serial_shops,
          nicolae_shop_rolling_square, nicolae_shop_scrapyard,
          nicolae_diamond_shop, shop, nicolae_shop_crystal,
          nicolae_ossuary_entry_false_entrances, dk_noncrumbling_4,
          minmay_fountain_box
D:7:      kennysheep_six_static_rooms, layout_cave_pools, st_stairs_7,
          uniq_joseph, uniq_crazy_yiuf_cottage, uniq_prince_ribbit1, uniq_pikel
D:8:      layout_rooms, serial_shops, nicolae_shop_back_alley_shop,
          nicolae_stop_n_shop_1, shop, shop, shop
D:9:      layout_small_grid, minitemple, dpeg_oklobed_lair
Temple:   compressed_dpeg_triangle_lava_temple

Skill      XL: |  1  2  3  4  5  6  7  8  9 10 |
---------------+-------------------------------+-----
Shields        | 5 6 7 8 9 11 | 11.0
Fighting       | 4 5 6 7 8 10 | 10.2
Armour         | 5 8 10 | 10.0
Long Blades    | 4 |  4.0
Axes           | |  2.0

Action                     |  1- 3 |  4- 6 |  7- 9 | 10-12 || total
---------------------------+-------+-------+-------+-------++-------
  Melee: War axe           |   107 |    53 |    22 |    60 ||   242
         Broad axe         |       |    70 |   170 |       ||   240
         Great sword       |       |       |       |    87 ||    87
Ability: Dig               |     1 |       |       |       ||     1
    Use: Scroll            |     3 |     9 |     2 |     6 ||    20
         Potion            |       |       |     3 |     1 ||     4
   Stab: Distracted        |       |       |       |     1 ||     1
 Armour: Scale mail        |    63 |    39 |       |       ||   102
         Plate armour      |       |    33 |   110 |   128 ||   271
  Dodge: Dodged            |    76 |    57 |    71 |    83 ||   287
  Block: Buckler           |    40 |    50 |   154 |   200 ||   444
         Reflection        |       |       |     9 |     3 ||    12
